 Dungeon Crawl Stone Soup version 0.30-a0-1163-gf69bf04e7a (webtiles) character file.

Game seed: 9120589298869672032

1784 sircluck the Cleaver (level 8, -2/71 HPs)
             Began as a Minotaur Fighter on Apr 28, 2023.
             Was a Priest of Nemelex Xobeh.
             Slain by a red devil
             ... wielding a +0 trident
             ... summoned by a kobold demonologist
              (13 damage)
             ... on level 5 of the Dungeon.
             The game lasted 00:15:54 (5069 turns).

sircluck the Cleaver (Minotaur Fighter)             Turns: 5069, Time: 00:15:57

Health: -2/71      AC: 10    Str: 22    XL:     8   Next: 81%
Magic:  7/7        EV:  9    Int:  5    God:    Nemelex Xobeh [***...]
Gold:   242        SH:  5    Dex: 11    Spells: 7/7 levels left

rFire   . . .        a - +0 war axe
rCold   . . .        c - +0 buckler
rNeg    . . .        k - +0 chain mail
rPois   .            (helmet restricted)
rElec   .            (no cloak)
rCorr   .            (no gloves)
SInv    .            (no boots)
Will    .....        (no amulet) Stlth
                     (no ring)
HPRegen 0.31/turn    (no ring)
MPRegen 0.10/turn

%: no passive effects
@: spiked
A: horns 2, retaliatory headbutt
a: Renounce Religion, Draw Escape, Draw Destruction, Draw Summoning, Triple Draw


You were on level 5 of the Dungeon.
You worshipped Nemelex Xobeh.
Nemelex Xobeh was most pleased with you.
You visited 1 branch of the dungeon, and saw 6 of its levels.
You also visited: Ossuary.

You collected 242 gold pieces.

Inventory:

Hand Weapons
 a - a +0 war axe (weapon)
 A - a +1 trident of flaming
 B - a +4 falchion
 D - a +1 hand axe of freezing
Missiles
 g - 61 stones (quivered)
 p - 16 poisoned darts
 w - 12 boomerangs
Armour
 b - a +0 scale mail
 c - a +0 buckler (worn)
 k - a +0 chain mail (worn)
Jewellery
 n - a ring of protection from fire
 t - the ring of Xom's Entertainment {rF++ Will++ EV+5}
   (You found it on level 3 of the Dungeon)

   [ring of evasion]

   EV:        It affects your evasion (+5).
   rF:        It greatly protects you from fire.
   Will:      It greatly increases your willpower.
 y - a ring of willpower
 L - an amulet of reflection
Wands
 C - a wand of iceblast (1)
 K - a wand of mindburst (23)
 M - a wand of paralysis (12)
Scrolls
 f - 3 scrolls of immolation {unknown}
 i - 12 scrolls of identify {unknown}
 j - a scroll of brand weapon {unknown}
 l - 5 scrolls of enchant armour {unknown}
 m - a scroll of noise {unknown}
 o - 2 scrolls of magic mapping {unknown}
 q - a scroll of teleportation {unknown}
 s - 3 scrolls of blinking {unknown}
 u - 2 scrolls of fog {unknown}
 J - a scroll of vulnerability {unknown}
Potions
 d - 2 potions of might
 e - 3 potions of curing
 h - 2 potions of lignification {unknown}
 r - a potion of haste {unknown}
 v - a potion of degeneration {unknown}
 x - a potion of brilliance {unknown}
 E - a potion of attraction {unknown}
 F - 4 potions of heal wounds {unknown}
 G - a potion of mutation {unknown}
 H - 2 potions of invisibility {unknown}
 I - 2 potions of ambrosia {unknown}


   Skills:
 + Level 6.5 Fighting
 + Level 10.0 Axes
 + Level 1.1 Throwing
 + Level 7.1 Armour
 + Level 2.1 Dodging
 + Level 0.2 Stealth
 + Level 5.2 Shields


You had 7 spell levels left.
You didn't know any spells.
Your spell library contained the following spells:

 Spells                   Type           Power      Damage    Failure   Level
 Freeze                   Ice            0%         1d3       98%         1
 Ensorcelled Hibernation  Hex/Ice        0%         N/A       99%         2
 Frozen Ramparts          Ice            0%         1d1       100%        3
 Hailstorm                Conj/Ice       0%         3d3       100%        3
 Spider Form              Tmut/Pois      0%         N/A       100%        3
 Stone Arrow              Conj/Erth      0%         3d7       100%        3
 Tukima's Dance           Hex            0%         N/A       100%        3
 Anguish                  Hex/Necr       0%         N/A       100%        4
 Passage of Golubria      Tloc           0%         N/A       100%        4
 Iskenderun's Battlesphe  Conj           0%         2d6       100%        5
 Yara's Violent Unravell  Hex/Tmut       0%         3d3       100%        5


Dungeon Overview and Level Annotations

Branches:
Dungeon (6/15)            Ossuary (visited)
 Temple: D:4-7

Altars:
Nemelex Xobeh
Yredelemnul
The Shining One

Shops:
D:2 [   D:6 *

Annotations:
D:5 1 transporter


Innate Abilities, Weirdness & Mutations

You have a pair of horns on your head.
You reflexively headbutt those who attack you in melee.


Message History

The ufetubus barely misses you.
The ufetubus hits you but does no damage. x2
Throw: boomerang (disperse)
Press: ? - help, Q - select action, (/) - cycle Shift-Dir - straight line, f/p - kobold demonologist
Aim: a kobold demonologist, wielding a +0 dagger and wearing a +0 robe (almost dead, 48% to hit)
You throw a boomerang of dispersal.
The boomerang of dispersal hits the kobold demonologist and shatters, but does no damage.
The kobold demonologist is almost dead.
The kobold demonologist mumbles some strange words.
The ufetubus closely misses you. The ufetubus barely misses you.
The crimson imp blinks!
The kobold demonologist mumbles some strange words.
The orc priest calls down the wrath of Beogh upon you.
Pain shoots through your body!
* * * LOW HITPOINT WARNING * * *
The ufetubus closely misses you.
The ufetubus hits you but does no damage.
The ufetubus attacks as you move away!
The ufetubus hits you but does no damage.
The ufetubus barely misses you.
The red devil hits you from afar with a +0 trident!
* * * LOW HITPOINT WARNING * * *
Barbed spikes become lodged in your body.
The red devil barely misses you.
There is an open door, spattered with blood here.
The barbs in your skin will harm you if you move.
Continue?
The barbed spikes dig painfully into your body as you move.
* * * LOW HITPOINT WARNING * * *
The ufetubus barely misses you. You block the ufetubus's attack.
You feel better. The ufetubus closely misses you. You furiously retaliate!
You headbutt the ufetubus!
You kill the ufetubus!
The ufetubus disappears in a puff of smoke!
The red devil hits you from afar with a +0 trident!
* * * LOW HITPOINT WARNING * * *
Barbed spikes become lodged in your body.
You feel better.
The red devil hits you from afar with a +0 trident!
You die...
Your body glows slightly and disappears.

..........#........#.........#
..........#........#.........#
..........#.......######.....#
......................##.....#
....###############...##.....#
....#8~#.....o5#P8#...##.....#
....#P.#≈≈≈≈≈≈≈#.P#..........#
....#$.#..~~~..#..#..###.....#
#..©#©$+..~⌠P.5§@©#©..###'####
##..#$.#!.~~~.4#..#...##.....#
.#..#P.#≈≈≈≈≈≈4#.P#.>........#
.'..#8~#....55K#P8#...##.....#
.##.###############...##..<..#
.#...........................#
...#.....##....##............#
...#......#....###'#####.....#
...#......#....##.....##.....#


You could see a kobold demonologist, 2 red devils, an orc priest, a quasit
(summoned), a crimson imp (summoned) and 2 shadow imps.

Vanquished Creatures
  A water moccasin (D:5)
  2 black bears
  2 phantoms (D:6)
  2 elf zombies (Ossuary)
  Blork the orc (D:5)
  4 scorpions
  A bullfrog (D:6)
  2 human zombies
  4 centaur zombies (Ossuary)
  4 hounds
  4 orc priests
  An iguana (D:6)
  5 sleepcaps
  2 orc wizards
  2 mummies (Ossuary)
  5 adders
  A shadow imp (D:6)
  A white imp (D:5)
  3 ufetubi
  A worm zombie (D:6)
  3 adder zombies
  3 worms
  2 dart slugs (D:3)
  18 orcs
  4 ball pythons
  3 bats
  2 endoplasms
  A giant cockroach (D:1)
  6 hobgoblins
  A quokka (D:4)
  5 frilled lizards
  4 goblins
  A goblin zombie (Ossuary)
  10 hobgoblin zombies (Ossuary)
  3 jackal zombies
  2 kobolds
  9 kobold zombies (Ossuary)
  7 orc zombies (Ossuary)
  2 rats
134 creatures vanquished.

Vanquished Creatures (others)
  2 fungi (D:3)
  4 plants (D:3)
6 creatures vanquished.

Grand Total: 140 creatures vanquished

Notes
Turn   | Place    | Note
-------+----------+-------------------------------------------
     0 | D:1      | sircluck the Minotaur Fighter began the quest for the Orb.
     0 | D:1      | Reached XP level 1. HP: 19/19 MP: 0/0
  1117 | D:2      | Reached XP level 2. HP: 27/27 MP: 1/1
  1525 | D:2      | Found Rereir's Antique Armour Shop.
  1685 | D:3      | Reached XP level 3. HP: 33/33 MP: 2/2
  1687 | D:3      | Found a faded altar of an unknown god.
  1728 | D:3      | Reached skill level 3 in Axes
  1745 | D:3      | Prayed at the altar of an unknown god.
  1745 | D:3      | Became a worshipper of Nemelex Xobeh the Trickster
  1745 | D:3      | Reached * piety under Nemelex Xobeh
  1745 | D:3      | Received a gift from Nemelex Xobeh
  1834 | D:3      | Identified the ring of Xom's Entertainment {rF++ Will++
                  | EV+5}
  1997 | D:3      | Identified the +10 short sword "Maucw" {flame, rPois Int+3}
  2087 | D:3      | Found a basalt altar of Yredelemnul.
  2250 | D:4      | Reached XP level 4. HP: 24/40 MP: 3/3
  2268 | D:4      | Reached skill level 4 in Axes
  2268 | D:4      | Reached XP level 5. HP: 9/47 MP: 4/4
  2275 | D:4      | HP: 2/47 [orc wizard/+0 dagger (2)]
  2339 | D:4      | Noticed a black bear
  2552 | D:5      | Entered Level 5 of the Dungeon
  2553 | D:5      | Noticed a water moccasin
  2611 | D:4      | Killed a black bear
  2612 | D:4      | Reached skill level 5 in Fighting
  2612 | D:4      | Reached skill level 5 in Axes
  2612 | D:4      | Reached skill level 5 in Armour
  2612 | D:4      | Reached skill level 1 in Dodging
  2612 | D:4      | Reached XP level 6. HP: 40/56 MP: 5/5
  2740 | D:4      | Reached ** piety under Nemelex Xobeh
  3121 | D:5      | Found a transporter.
  3134 | D:5      | Noticed a kobold demonologist
  3324 | D:5      | Found a transporter.
  3326 | D:5      | Received a gift from Nemelex Xobeh
  3354 | D:5      | Killed a water moccasin
  3356 | D:5      | Reached skill level 6 in Axes
  3477 | D:5      | Reached XP level 7. HP: 51/61 MP: 6/6
  3676 | D:5      | Got the Grimoire of Forces
  3693 | D:5      | Noticed Blork the orc
  3704 | D:5      | Killed Blork the orc
  3982 | D:5      | Reached skill level 7 in Axes
  4075 | D:6      | Received a gift from Nemelex Xobeh
  4113 | D:6      | Reached *** piety under Nemelex Xobeh
  4141 | D:6      | Found Gyppaev's General Store.
  4154 | D:6      | Reached XP level 8. HP: 64/69 MP: 7/7
  4159 | D:6      | Reached skill level 8 in Axes
  4178 | D:6      | Received a gift from Nemelex Xobeh
  4202 | D:6      | Found a sand-covered staircase.
  4218 | D:6      | Reached skill level 1 in Throwing
  4223 | Ossuary  | Entered an ossuary
  4367 | Ossuary  | Reached skill level 5 in Shields
  4470 | Ossuary  | Reached skill level 9 in Axes
  4708 | D:6      | Found a glowing golden altar of the Shining One.
  5057 | D:5      | Reached skill level 10 in Axes
  5066 | D:5      | Noticed a red devil
  5066 | D:5      | Noticed a red devil
  5068 | D:5      | HP: 3/71 [red devil/+0 trident[a kobold demonologist] (12)]
  5069 | D:5      | Slain by a red devil

Illustrated notes

Levels and vault maps discovered:
D:1:      heliophobic_arrival_glass_houses, layout_loops_corners,
          chequers_serial_rivers_room_b, serial_bayou_crossing
D:2:      layout_basic, serial_shops, nicolae_shop_pleasant_corner_grove
D:3:      layout_basic, lemuel_zombie_altar_yredelemnul,
          dreamdust_ecumenical_altar_grove, kennysheep_generic_room_6
D:4:      layout_cave_pools, minmay_misc_feat_alley,
          minmay_misc_feat_secret_circle
D:5:      gammafunk_wand_slinger, layout_gridville, minmay_bent,
          uniq_blork_the_orc
D:6:      layout_rooms, lemuel_round_altar, enter_ossuary_3, serial_shops, shop,
          nicolae_elevator_lobby_plus

Skill      XL: |  1  2  3  4  5  6  7  8 |
---------------+-------------------------+-----
Armour         | 4 5 6 7 |  7.1
Fighting       | 4 5 6 |  6.5
Shields        | 4 5 |  5.2
Axes           | 3 4 5 6 7 10 | 10.0
Dodging        | 1 2 |  2.1
Throwing       | 1 |  1.1
Stealth        | |  0.2

Action                     |  1- 3 |  4- 6 |  7- 9 || total
---------------------------+-------+-------+-------++-------
  Melee: War axe           |    61 |    77 |   179 ||   317
         Headbutt          |     6 |     8 |    33 ||    47
  Throw: Stone             |       |     3 |    12 ||    15
         Boomerang         |       |       |     2 ||     2
 Invoke: Draw Destruction  |     1 |     2 |     1 ||     4
  Evoke: Wand              |       |       |     4 ||     4
    Use: Potion            |       |     2 |     2 ||     4
 Armour: Scale mail        |     7 |       |       ||     7
         Chain mail        |    29 |    43 |   109 ||   181
  Dodge: Dodged            |    36 |    32 |    93 ||   161
  Block: Buckler           |    16 |    19 |    46 ||    81

Table legend: (Time is in decaauts)
 A = Elapsed time spent in this place.
 B = Non-inter-level travel time spent in this place.
 C = Inter-level travel time spent in this place.
 D = Time resting spent in this place.
 E = Time spent auto-exploring this place.
 F = Levels seen in this place.
 G = Mean time per level.
                   A        B        C        D        E       F      G
               +--------+--------+--------+--------+--------+-----+--------+
         Total |   5164 |   4009 |   1155 |    142 |   2730 |   7 |  737.7 |
       Dungeon |   4892 |   3737 |   1155 |    142 |   2720 |   6 |  815.3 |
       Ossuary |    271 |    271 |      0 |      0 |     10 |   1 |  271.0 |
               +--------+--------+--------+--------+--------+-----+--------+

Top non-repeatable levels by time:
     D:1: 1137 daAuts
     D:5: 1115 daAuts
     D:4: 954 daAuts
     D:3: 648 daAuts
     D:6: 546 daAuts
     D:2: 491 daAuts
 Ossuary: 271 daAuts
